Map: 어스름 탑

Players

lllllllllll - Winner!

  • Race: Protoss Protoss
  • League: Grandmaster

llllllllllll (Scarlett)

  • Race: Zerg Zerg
  • League: Grandmaster

VOD

Have the link to the VOD?

Description

Time

  • Played on: April 14, 2016, 6:20 a.m.
  • Length: 8:57
Show
View Real Time Build Order
Export as new Build Order

lllllllllll Protoss - Winner!

Build Orders: 1 Gate Expand, Phoenix Opening 

Get SALT Encoding   

  12  0:01  Probe (Chrono Boost)  
  13  0:11  Probe (Chrono Boost)  
  14  0:17  Pylon  
  14  0:22  Probe (Chrono Boost)  
  16  0:35  Probe (Chrono Boost)  
  16  0:40  Gateway  
  16  0:46  Probe (Chrono Boost)  
  16  0:47  Assimilator  
  17  0:56  Probe (Chrono Boost)  
  18  1:07  Probe (Chrono Boost)  
  19  1:19  Nexus  
  19  1:22  Probe (Chrono Boost)  
  20  1:32  Cybernetics Core  
  20  1:37  Probe (Chrono Boost)  
  21  1:40  Assimilator  
  21  1:47  Pylon  
  21  1:50  Probe (Chrono Boost)  
  22  2:00  Probe (Chrono Boost)  
  23  2:08  Adept (Chrono Boost), Warp Gate  
  25  2:11  Probe  
  26  2:23  Probe  
  26  2:29  Stargate  
  27  2:31  Probe (Chrono Boost)  
  27  2:34  Adept (Chrono Boost)  
  30  2:38  Probe (Chrono Boost)  
  30  2:43  Probe (Chrono Boost)  
  32  2:49  Probe (Chrono Boost)  
  33  2:54  Probe (Chrono Boost)  
  34  3:00  Probe (Chrono Boost)  
  36  3:05  Probe (Chrono Boost)  
  36  3:09  Adept  
  36  3:10  Probe (Chrono Boost)  
  39  3:16  Probe (Chrono Boost)  
  40  3:21  Probe (Chrono Boost)  
  40  3:23  Nexus  
  41  3:32  Mothership Core (Chrono Boost)  
  41  3:33  Probe (Chrono Boost)  
  42  3:36  Phoenix (Chrono Boost)  
  42  3:37  Pylon  
  44  3:45  Probe (Chrono Boost)  
  45  3:50  Probe (Chrono Boost)  
  46  3:57  Phoenix  
  46  3:58  Probe (Chrono Boost)  
  46  4:01  Probe (Chrono Boost)  
  51  4:10  Probe (Chrono Boost)  
  51  4:15  Pylon  
  51  4:16  Adept  
  53  4:20  Phoenix  
  53  4:24  Probe (Chrono Boost)  
  53  4:26  Robotics Facility  
  53  4:29  Pylon  
  52  4:34  Assimilator  
  52  4:35  Probe (Chrono Boost), Assimilator, Pylon  
  52  4:37  Probe (Chrono Boost)  
  52  4:38  Probe (Chrono Boost)  
  55  4:42  Phoenix  
  57  4:46  Adept  
  57  4:49  Probe (Chrono Boost)  
  59  4:53  Probe x2 (Chrono Boost)  
  59  4:58  Gateway  
  59  5:00  Gateway, Probe (Chrono Boost)  
  59  5:07  Sentry, Phoenix  
  61  5:09  Probe (Chrono Boost)  
  65  5:14  Probe x2 (Chrono Boost)  
  65  5:18  Forge  
  67  5:22  Probe (Chrono Boost)  
  67  5:24  Warp Prism (Chrono Boost)  
  67  5:25  Probe (Chrono Boost)  
  67  5:28  Probe (Chrono Boost)  
  71  5:32  Adept  
  71  5:34  Probe (Chrono Boost), Pylon, Forge  
  73  5:41  Oracle (Chrono Boost)  
  74  5:52  Pylon  
  74  5:54  Sentry, Adept  
  77  6:00  Immortal (Chrono Boost)  
  79  6:08  Pylon  
  79  6:10  Pylon  
  79  6:11  Pylon  
  77  6:20  Protoss Ground Weapons Level 1 (Chrono Boost)  
  77  6:26  Pylon, Phoenix  
  79  6:37  Nexus  
  79  6:38  Probe x2, Pylon  
  79  6:39  Twilight Council  
  81  6:43  Pylon x2  
  78  7:01  Adept  
  78  7:06  Charge  
  78  7:07  Adept  
  78  7:08  Adept  
  80  7:11  Nexus  
  80  7:14  Pylon  
  80  7:15  Probe x2  
  80  7:20  Gateway  
  80  7:22  Templar Archives  
  80  7:26  Gateway  
  80  7:29  Gateway  
  80  7:30  Probe x2  
  80  7:32  Gateway  
  82  7:39  Adept x3  
  88  7:44  Photon Cannon  
  88  8:00  Zealot, High Templar x2  
  88  8:03  Gateway  
  88  8:05  Archon  
  94  8:06  Pylon  
  94  8:09  Probe x2  
  94  8:11  Assimilator  
  96  8:16  Assimilator  
  96  8:19  Pylon  
  96  8:20  High Templar x2  
  96  8:23  Zealot  
  96  8:24  Archon  
  100  8:40  Adept x4  
Show
View Real Time Build Order
Export as new Build Order

llllllllllll Zerg 

Build Orders: Hatch First 

Get SALT Encoding   

  12  0:01  Drone  
  13  0:08  Drone  
  14  0:17  Overlord  
  14  0:28  Extractor, Drone  
  15  0:37  Drone x2  
  17  0:52  Hatchery  
  17  0:56  Drone  
  17  1:00  Drone  
  17  1:04  Extractor  
  17  1:08  Drone  
  18  1:17  Spawning Pool  
  17  1:20  Drone  
  18  1:30  Drone  
  19  1:44  Hatchery  
  18  1:49  Drone  
  19  1:56  Drone  
  20  2:02  Drone  
  20  2:05  Metabolic Boost  
  21  2:08  Zergling x2  
  21  2:14  Queen  
  24  2:17  Drone  
  25  2:23  Overlord  
  25  2:26  Drone  
  27  2:30  Drone  
  27  2:38  Zergling x2  
  27  2:40  Queen  
  30  2:49  Drone  
  30  2:50  Drone  
  32  2:55  Queen  
  32  2:57  Drone  
  34  3:08  Drone  
  34  3:10  Zergling x4  
  34  3:12  Pneumatized Carapace  
  37  3:14  Extractor  
  37  3:16  Drone x2  
  37  3:17  Drone  
  39  3:23  Overlord  
  39  3:28  Zergling x6  
  41  3:35  Overlord  
  41  3:41  Zergling x2  
  42  3:47  Drone x4  
  46  3:52  Drone x2  
  47  3:57  Drone x5  
  52  4:06  Zergling x8  
  54  4:11  Baneling Nest  
  53  4:22  Zergling x4  
  53  4:23  Zergling x6  
  56  4:27  Zergling x6  
  56  4:28  Zergling x2  
  58  4:32  Overlord x3  
  58  4:35  Overlord  
  56  4:55  Zergling x2  
  56  4:56  Zergling x12  
  62  5:06  Zergling x14  
  68  5:11  Zergling x6  
  68  5:13  Baneling  
  68  5:14  Baneling x14  
  70  5:19  Spore Crawler  
  70  5:20  Zergling x4  
  71  5:26  Zergling x4  
  66  5:56  Zergling x24  
  72  6:04  Queen, Drone x4  
  72  6:05  Lair  
  72  6:06  Queen  
  79  6:16  Overlord  
  79  6:17  Drone x3  
  77  6:20  Drone  
  74  6:25  Evolution Chamber  
  74  6:29  Overlord, Drone  
  74  6:30  Drone  
  73  6:35  Spore Crawler  
  73  6:37  Spore Crawler  
  71  6:41  Queen  
  71  6:47  Overlord, Drone  
  71  6:48  Drone x4  
  57  7:09  Drone  
  57  7:10  Drone x7  
  57  7:15  Overlord, Drone x5  
  65  7:17  Overlord  
  65  7:18  Hydralisk Den  
  66  7:25  Drone x4  
  66  7:28  Hatchery  
  69  7:31  Extractor  
  69  7:32  Extractor  
  69  7:33  Extractor  
  69  7:36  Extractor  
  69  7:37  Drone x6  
  66  7:42  Overlord  
  66  7:43  Drone x3  
  74  7:47  Drone  
  74  7:49  Drone  
  74  7:50  Drone x3  
  79  7:59  Drone  
  79  8:00  Drone  
  81  8:07  Hydralisk x5  
  81  8:12  Overlord  
  91  8:13  Zergling x2  
  91  8:14  Zergling x4  
  91  8:15  Baneling  
  91  8:17  Baneling  
  91  8:18  Zergling x8  
  91  8:19  Baneling  
  98  8:21  Baneling  
  98  8:23  Hydralisk  
  98  8:26  Zergling x2  
  104  8:39  Zergling x2  
Tags
 
Add a new tag
Caveats
  • Supply blocks, unpowered buildings, or Contaminate may cause inaccurate times.
  • Supply counts are checked every 10 seconds.